 Zot Defence DCSS version 0.15-a0-2102-gacb6860 (webtiles) character file.

3523 N00bl0rd the Chopper (level 10, 0/57 (61) HPs)
             Began as a Gargoyle Fighter on July 14, 2014.
             Was a Believer of Cheibriados.
             Slain by a slime creature (7 damage)
             ... in the Realm of Zot (Scenario V: Glassed Sandwich) on July 15, 2014.
             The game lasted 00:10:57 (1433 turns).

N00bl0rd the Chopper (Gargoyle Fighter)             Turns: 1433, Time: 00:10:58

HP   0/57 (61)   AC 17     Str 27      XL: 10   Next:  8%
MP  17/17        EV  9     Int 13      God: Cheibriados [**....]
Gold 0           SH 11     Dex 13      Spells:  0 memorised,  9 levels left

rFire  . . .     SeeInvis .     a - +0 war axe
rCold  . . .     Clarity  .     m - +3 scale mail {MR+}
rNeg   + . .     rCorr    .     c - +0 shield
rPois  +         rRot     +     (no helmet)
rElec  +         Spirit   .     (no cloak)
SustAb .         Warding  .     (no gloves)
rMut   .         Stasis   .     (no boots)
Gourm  .                        (no amulet)
MR     +....                    (no ring)
                                (no ring)

@: very slow, somewhat resistant to hostile enchantments, extremely unstealthy
A: negative energy resistance 1, electricity resistance, unbreathing,
petrification resistance, rot immunity, AC +7
a: Make oklob sapling, Make arrow trap, Make plant, Remove Curse, Make burning
bush, Make altar, Make grenades, Make oklob plant, Make net trap, Make ice
statue, Make spear trap, Bend Time, Renounce Religion


You were in the Realm of Zot.
You worshipped Cheibriados.
Cheibriados was pleased with you.
You were not hungry.

You visited 1 branch

Inventory:

Hand weapons
 a - a +0 war axe (weapon)
Armour
 c - a +0 shield (worn)
 m - a +3 scale mail of magic resistance (worn)
Magical devices
 l - a wand of random effects (13)
Comestibles
 f - a bread ration
Scrolls
 k - a scroll of blinking
Potions
 d - 3 potions of curing
 e - a potion of might
 g - a potion of heal wounds
 h - a potion of haste
 i - 2 potions of magic
 j - a potion of berserk rage


   Skills:
 + Level 6.3 Fighting
 * Level 6.8 Axes
 + Level 6.5 Armour
 * Level 5.9 Dodging
 + Level 6.6 Shields
 + Level 4.1 Invocations


You had 9 spell levels left.
You didn't know any spells.

Dungeon Overview and Level Annotations

Branches:
    Zot (1/1)

Altars:
Cheibriados


Innate Abilities, Weirdness & Mutations

You are resistant to torment.
You are immune to poison.
Your stone body is very resilient (AC +7).
You resist negative energy.
You are resistant to electric shocks.
You can survive without breathing.
You are immune to petrification.
You are immune to rotting.


Message History

The slime creature is moderately wounded.
You hit Claigg.
Claigg is lightly wounded.
You block Claigg's attack. Claigg claws you.
* * * LOW HITPOINT WARNING * * *
You block the slime creature's attack.
Your oklob plant spits acid at Claigg.
The splash of acid hits Claigg.
Claigg writhes in agony as her flesh is eaten away!
An elf simulacrum comes into view.
Unknown command.
Unknown command.
You barely miss Claigg.
Claigg is lightly wounded.
You barely miss the slime creature.
The slime creature is moderately wounded.
You block Claigg's attack. x2
The deep elf fighter casts a spell at you.
The magic dart hits you! The slime creature hits you!
You die...

▓▓▓▓▓▓▓▓▓▓▓▓▓▓▓▓▓▓▓▓▓▓▓▓▓▓▓▓▓▓▓▓▓
.................................
...........Z..▓▓)▓▓..............
.............▓▓.).▓▓.............
............▓▓[.).[▓▓............
...........▓▓...%...▓▓...........
..........▓▓..).....%▓▓..........
▓▓▓▓▓▓▓▓▓▓▓P)..()J..)P▓▓▓▓▓▓▓▓▓▓▓
∆∆∆"((?▓▓▓▓▓▓▓▓.@H▓▓▓▓▓▓▓▓▓%∆∆∆∆∆
▓▓▓▓▓▓▓▓▓▓▓P...([)...P▓▓▓▓▓▓▓▓▓▓▓
..........▓▓.%...)..[▓▓..........
...........▓▓...e.(.▓▓...........
............▓▓.%)..▓▓............
.............▓▓.).▓▓.............
..............▓▓)▓▓..............
.................................
▓▓▓▓▓▓▓▓▓▓▓▓▓▓▓▓▓▓▓▓▓▓▓▓▓▓▓▓▓▓▓▓▓


You could see a slime creature, Claigg the harpy (bleeding), a deep elf fighter,
an elf simulacrum and 4 friendly oklob plants.

Vanquished Creatures
  A wolf spider (Zot)
  A wraith (Zot)
  A yak (Zot)
  An ugly thing (Zot)
  A giant frog (Zot)
  A phantom (Zot)
  A goliath beetle (Zot)
  5 hounds (Zot)
  An iguana (Zot)
  A worker ant (Zot)
  4 green rats (Zot)
  7 adders (Zot)
  Terence (Zot)
  3 giant mites (Zot)
  2 oozes (Zot)
  2 orcs (Zot)
  5 bats (Zot)
  A giant cockroach (Zot)
  8 goblins (Zot)
  5 hobgoblins (Zot)
  5 kobolds (Zot)
  3 quokkas (Zot)
  A giant gecko (Zot)
  A giant newt (Zot)
  4 jackals (Zot)
  4 rats (Zot)
70 creatures vanquished.

Vanquished Creatures (collateral kills)
  A yak (Zot)
  A vampire mosquito (Zot)
  A porcupine (Zot)
  An ogre (Zot)
  A phantom (Zot)
  A big kobold (Zot)
  Duvessa (Zot)
  A goliath beetle (Zot)
  A hound (Zot)
  An iguana (Zot)
  3 orc wizards (Zot)
  A gnoll shaman (Zot)
  6 adders (Zot)
  A green rat (Zot)
  A giant mite (Zot)
  A worm (Zot)
  2 orcs (Zot)
  7 ball pythons (Zot)
  8 hobgoblins (Zot)
  2 kobolds (Zot)
  4 quokkas (Zot)
  7 bats (Zot)
  3 giant newts (Zot)
  10 goblins (Zot)
  4 rats (Zot)
70 creatures vanquished.

Vanquished Creatures (others)
  An oklob sapling (Zot)
1 creature vanquished.

Grand Total: 141 creatures vanquished

Notes
Turn   | Place    | Note
--------------------------------------------------------------
     0 | Zot      | N00bl0rd, the Gargoyle Fighter, began the quest for the Orb.
     0 | Zot      | Reached XP level 1. HP: 14/14 MP: 1/1
   213 | Zot      | Reached XP level 2. HP: 13/19 MP: 2/2
   257 | Zot      | Reached skill level 1 in Dodging
   257 | Zot      | Reached XP level 3. HP: 7/23 MP: 3/3
   354 | Zot      | Reached XP level 4. HP: 17/28 MP: 4/4
   462 | Zot      | Noticed Tiesm
   481 | Zot      | Killed Tiesm the big kobold
   481 | Zot      | Reached skill level 4 in Armour
   481 | Zot      | Reached XP level 5. HP: 30/33 MP: 5/5
   516 | Zot      | Reached XP level 6. HP: 33/38 MP: 6/6
   546 | Zot      | Reached XP level 7. HP: 20/44 MP: 7/7
   552 | Zot      | Noticed Terence
   554 | Zot      | Became a worshipper of Cheibriados the Contemplative
   566 | Zot      | Killed Terence
   716 | Zot      | Reached skill level 5 in Shields
   750 | Zot      | Reached XP level 8. HP: 30/48 MP: 8/8
   848 | Zot      | Reached skill level 5 in Armour
   848 | Zot      | Reached skill level 1 in Invocations
   872 | Zot      | Reached skill level 5 in Fighting
   882 | Zot      | Reached skill level 5 in Axes
   964 | Zot      | Reached XP level 9. HP: 45/54 MP: 10/12
  1140 | Zot      | Reached skill level 6 in Shields
  1163 | Zot      | Noticed Duvessa
  1175 | Zot      | Killed Duvessa
  1175 | Zot      | Reached skill level 5 in Dodging
  1281 | Zot      | Upgraded the game from 0.15-a0-2099-gfb1bfb9 to 0.15-a0-2102-gacb6860
  1414 | Zot      | Noticed a wolf spider
  1427 | Zot      | Noticed Claigg
  1427 | Zot      | Killed a wolf spider
  1427 | Zot      | Reached XP level 10. HP: 6/56 MP: 17/17
  1433 | Zot      | Slain by a slime creature

Action                   |  1- 3 |  4- 6 |  7- 9 | 10-12 || total
-------------------------+-------+-------+-------+-------++-------
Melee: War axe           |    44 |    53 |   160 |     6 ||   263
 Abil: Make oklob saplin |     1 |       |       |       ||     1
       Make oklob plant  |       |       |     4 |       ||     4
       Make altar        |       |       |     1 |       ||     1
Evoke: Wand              |       |       |     1 |       ||     1
 Stab: Distracted        |       |       |     5 |       ||     5
